 Dungeon Crawl Stone Soup version 0.30-a0-718-geaa24f58ff (webtiles) character file.

Game seed: 4439967943429360609

395 avis the Shooter (level 6, -3/49 (51) HPs)
             Began as a Demigod Hunter on Jan 26, 2023.
             Slain by a wight
             ... wielding a +0 war axe
              (11 damage)
             ... on level 3 of the Dungeon.
             The game lasted 00:11:48 (2698 turns).

avis the Shooter (Demigod Hunter)                   Turns: 2698, Time: 00:11:49

HP:   -3/49 (51)    AC:  5    Str: 12    XL:     6   Next: 26%
MP:   8/8           EV: 13    Int: 11    God:
Gold: 138           SH:  0    Dex: 25    Spells: 5/5 levels left

rFire   . . .      SeeInvis .    a - +0 shortbow
rCold   . . .      Faith    .    (shield currently unavailable)
rNeg    . . .      Spirit   .    c - +0 leather armour
rPois   +          Reflect  .    (no helmet)
rElec   .          Harm     .    w - +1 cloak {rPois}
rCorr   .          Rampage  .    (no gloves)
Will    .....                    (no boots)
Stlth   ++                       (no amulet)
HPRegen 0.28/turn                (no ring)
MPRegen 0.11/turn                (no ring)

@: lightly drained
A: high MP 1, forlorn, divine attributes
a: no special abilities


You were on level 3 of the Dungeon.
You visited 1 branch of the dungeon, and saw 3 of its levels.

You collected 138 gold pieces.

Inventory:

Hand Weapons
 a - a +0 shortbow (weapon)
 b - the +10 mace "Kaxt" {venom, rElec Dex+4}
   (You found it on level 2 of the Dungeon)

   Dex:       It affects your dexterity (+4).
   rElec:     It insulates you from electricity.
 k - a +0 dagger
 l - a +2 mace of draining
 p - a +2 dagger of freezing
 q - a +1 dagger of venom
 v - a +4 quarterstaff of chaos
 y - a +0 great sword
Missiles
 t - 4 boomerangs
 x - 2 poisoned darts
Armour
 c - a +0 leather armour (worn)
 f - a scarf of resistance
 r - a +0 buckler
 w - a +1 cloak of poison resistance (worn)
Jewellery
 e - a ring of fire
Scrolls
 d - 3 scrolls of teleportation
 g - a scroll of torment {unknown}
 i - a scroll of fog
 j - a scroll of immolation
 s - a scroll of identify {unknown}
Potions
 h - a potion of attraction {unknown}
 m - a potion of lignification {unknown}
 n - a potion of degeneration {unknown}
 o - 2 potions of curing {unknown}
 u - a potion of resistance {unknown}


   Skills:
 - Level 3.0 Fighting
 - Level 6.0 Ranged Weapons
 * Level 3.1 Dodging
 - Level 2.0 Stealth


You had 5 spell levels left.
You didn't know any spells.
Your spell library was empty.

Dungeon Overview and Level Annotations

Branches:
Dungeon (3/15)

Shops:
D:2 !(


Innate Abilities, Weirdness & Mutations

You have an increased reservoir of magic. (+10% MP)
You shall have no god before yourself.
Your divine heritage dramatically boosts your attributes as you level up.


Message History

You shoot an arrow. The arrow hits the wight.
The wight is almost destroyed.
The wight hits you with a +1 dagger.
Fire: a) +0 shortbow
Press: ? - help, Q - select action, (/) - cycle Shift-Dir - straight line, f/p - wight
Aim: a wight, wielding a +1 dagger and wearing a +0 robe (almost destroyed, 67% to hit)
You shoot an arrow. The arrow barely misses the wight.
The arrow hits the wight.
The wight is severely damaged.
The wight barely misses you. The wight hits you but does no damage.
Fire: a) +0 shortbow
Press: ? - help, Q - select action, (/) - cycle Shift-Dir - straight line, f/p - wight
Aim: a wight, wielding a +1 dagger and wearing a +0 robe (almost destroyed, 67% to hit)
You shoot an arrow. The arrow hits the wight!
You destroy the wight!
Training target 6.0 for Ranged Weapons reached!
Your Ranged Weapons skill increases to level 6!
You need to enable at least one skill for training.
Fire: a) +0 shortbow
Press: ? - help, Q - select action, (/) - cycle Shift-Dir - straight line, f - wight
Aim: a wight, wielding a +0 war axe and wearing a +0 robe (severely damaged, 68% to hit)
You shoot an arrow.
The arrow hits the wight but does no damage.
The wight is severely damaged.
The wight hits you with a +0 war axe!
* * * LOW HITPOINT WARNING * * *
You feel drained.
* * * LOW HITPOINT WARNING * * *
Fire: a) +0 shortbow
Press: ? - help, Q - select action, (/) - cycle Shift-Dir - straight line, f/p - wight
Aim: a wight, wielding a +0 war axe and wearing a +0 robe (severely damaged, 68% to hit)
You shoot an arrow. The arrow closely misses the wight.
The wight hits you with a +0 war axe.
* * * LOW HITPOINT WARNING * * *
Fire: a) +0 shortbow
Press: ? - help, Q - select action, (/) - cycle Shift-Dir - straight line, f/p - wight
Aim: a wight, wielding a +0 war axe and wearing a +0 robe (severely damaged, 68% to hit)
You shoot an arrow. The arrow barely misses the wight.
The wight barely misses you. The wight hits you with a +0 war axe!
You die...

### #.## ######### ####
...## #.......# ... <...#
#.#####.# ####.## ....♣
♣♣♣.....###.....#♣.♣.
###.............@z[......z..
♣♣♣♣♣♣#.....##.#....♣.♣
#.......###.##..## #.......#
#.. .$.♣ ## ######.##
######## .. #.# .# ##'## .#
##...## .#### ##.....##


You could see a wight.

Vanquished Creatures
  Sigmund (D:2)
  3 wights (D:3)
  Crazy Yiuf (D:2)
  An iguana (D:3)
  An adder (D:2)
  A dart slug (D:1)
  3 endoplasms
  A giant cockroach (D:1)
  2 goblins (D:2)
  3 hobgoblins
  2 quokkas
  A ball python (D:2)
  2 frilled lizards
  3 kobolds
  5 rats (D:1)
30 creatures vanquished.

Notes
Turn   | Place    | Note
-------+----------+-------------------------------------------
     0 | D:1      | avis the Demigod Hunter began the quest for the Orb.
     0 | D:1      | Reached XP level 1. HP: 17/17 MP: 3/3
   270 | D:1      | Reached skill level 4 in Ranged Weapons
   270 | D:1      | Reached XP level 2. HP: 24/24 MP: 4/4
   961 | D:2      | Found Ilemot's Antique Weapon Shoppe.
  1027 | D:2      | Identified the +10 mace "Kaxt" {venom, rElec Dex+4}
  1128 | D:2      | Found Unimuano's Distillery.
  1510 | D:2      | Reached XP level 3. HP: 29/29 MP: 5/5
  1535 | D:2      | Noticed Sigmund
  1624 | D:2      | Killed Sigmund
  1625 | D:2      | Reached XP level 4. HP: 8/38 MP: 6/6
  1625 | D:2      | Reached XP level 5. HP: 9/45 MP: 7/7
  1802 | D:2      | Found a runed translucent door.
  1803 | D:2      | Noticed Crazy Yiuf
  1810 | D:2      | Killed Crazy Yiuf
  2467 | D:3      | Reached skill level 5 in Ranged Weapons
  2693 | D:3      | Reached XP level 6. HP: 26/51 MP: 8/8
  2696 | D:3      | Reached skill level 6 in Ranged Weapons
  2698 | D:3      | Slain by a wight

Illustrated notes

Levels and vault maps discovered:
D:1:      eino_arrival_cavern_e, layout_basic, minmay_misc_feat_enclosed
D:2:      layout_basic, serial_shops, shop, shop_statue, minmay_misc_feat_five,
          uniq_crazy_yiuf_cottage, uniq_sigmund
D:3:      layout_loops_corners, gammafunk_temple_overflow_statue,
          doesnt_xom_only_xom, serial_forest, infiniplex_forest_zigzag_1,
          infiniplex_forest_straight_3, infiniplex_forest_clump_diagonal,
          infiniplex_forest_lined_room_2, infiniplex_forest_straight_2,
          infiniplex_forest_fountain, infiniplex_forest_end_2

Skill      XL: |  1  2  3  4  5  6 |
---------------+-------------------+-----
Fighting       | 2 3 |  3.0
Ranged Weapons | 4 5 6 |  6.0
Dodging        | 2 3 |  3.1
Stealth        | 2 |  2.0

Action                     |  1- 3 |  4- 6 || total
---------------------------+-------+-------++-------
  Melee: Mace              |     7 |     3 ||    10
   Fire: Shortbow          |    57 |    28 ||    85
    Use: Scroll            |     2 |       ||     2
 Armour: Leather armour    |     2 |     1 ||     3
  Dodge: Dodged            |    14 |     4 ||    18

Table legend: (Time is in decaauts)
 A = Elapsed time spent in this place.
 B = Non-inter-level travel time spent in this place.
 C = Inter-level travel time spent in this place.
 D = Time resting spent in this place.
 E = Time spent auto-exploring this place.
 F = Levels seen in this place.
 G = Mean time per level.
                   A        B        C        D        E       F      G
               +--------+--------+--------+--------+--------+-----+--------+
         Total |   2725 |   2423 |    302 |    247 |   1742 |   3 |  908.3 |
       Dungeon |   2725 |   2423 |    302 |    247 |   1742 |   3 |  908.3 |
               +--------+--------+--------+--------+--------+-----+--------+

Top non-repeatable levels by time:
     D:2: 1110 daAuts
     D:1: 1048 daAuts
     D:3: 566 daAuts
